 Dungeon Crawl Stone Soup version 0.30.0-17-ge0270778cf (webtiles) character file.

Game seed: 9115943168289014722

17810 croobank the Martial Artist (level 12, -1/110 HPs)
             Began as a Gnoll Transmuter on May 23, 2023.
             Was an Elder of Qazlal.
             Killed from afar by a starcursed mass (8 damage)
             ... with an accursed screaming
             ... on level 1 of the Abyss.
             The game lasted 00:57:55 (12042 turns).

croobank the Martial Artist (Gnoll Transmuter)     Turns: 12042, Time: 00:57:55

Health: -1/110     AC:  8    Str: 10    XL:     12   Next: 51%
Magic:  10/25      EV: 13    Int: 17    God:    Qazlal [****..]
Gold:   586        SH:  5    Dex: 13    Spells: 22/29 levels left

rFire   x . .        a - melded +5 dagger (speed)
rCold   + + +        (shield currently unavailable)
rNeg    . . .        c - melded +0 steam dragon scales
rPois   +            (helmet currently unavailable)
rElec   .            B - melded +2 cloak {Will+}
rCorr   +            P - melded +2 pair of gloves {Dex+3}
SInv    .            y - melded +0 pair of boots
Will    .....        o - amulet of regeneration
Stlth   ++           i - ring of poison resistance
HPRegen 0.00/turn    D - ring of resist corrosion
MPRegen 0.19/turn

%: repel missiles
@: mighty, ice-form, sick, flying, slowed, invisible, very slow
A: freezing attack, amphibious, boosted hp, large, (fangs 1), strong nose,
distributed training
a: End Transformation, Renounce Religion, Upheaval, Elemental Force


You were on level 1 of the Abyss.
You worshipped Qazlal.
Qazlal was greatly pleased with you.
You were a creature of crystalline ice.
You visited 2 branches of the dungeon, and saw 12 of its levels.
You visited the Abyss 1 time.
You also visited: Sewer.

You collected 1209 gold pieces.
You spent 623 gold pieces at shops.

Inventory:

Hand Weapons
 a - a +5 dagger of speed (melded)
 k - a +2 short sword of venom
 p - a +3 shortbow
 u - a +3 war axe of flaming
 E - a +3 spear
 I - a +0 scimitar
 J - a +3 trident
 O - a +2 heavy war axe
 Q - a +2 antimagic hand axe
Missiles
 d - 11 boomerangs (quivered)
 F - 9 atropa-tipped darts
 U - 2 javelins
Armour
 c - +0 steam dragon scales (melded)
 e - an orb of energy
 y - a +0 pair of boots (melded)
 B - a +2 cloak of willpower (melded)
 M - a +2 leather armour of fire resistance
 P - a +2 pair of gloves of dexterity (melded)
 T - +0 acid dragon scales
Magical Staves
 K - a staff of cold
Jewellery
 h - a ring of fire
 i - a ring of poison resistance (left front paw)
 m - a ring of flight
 o - an amulet of regeneration (around neck)
 D - a ring of resist corrosion (right front paw)
 S - an amulet of magic regeneration
Wands
 v - a wand of charming (10)
 x - a wand of flame (13)
Scrolls
 j - 3 scrolls of magic mapping
 l - 3 scrolls of poison
 r - 3 scrolls of teleportation
 s - 5 scrolls of immolation
 t - a scroll of amnesia
 L - 2 scrolls of fog {unknown}
 N - 2 scrolls of identify
Potions
 b - a potion of lignification
 f - 8 potions of curing
 g - 2 potions of mutation
 q - a potion of cancellation
 w - a potion of brilliance
 z - a potion of berserk rage
 A - 4 potions of ambrosia
 G - a potion of magic
 H - 2 potions of invisibility


   Skills:
 + Level 8.1 Fighting
 + Level 7.6 Short Blades
 + Level 7.6 Long Blades
 + Level 7.6 Axes
 + Level 7.6 Maces & Flails
 + Level 7.6 Polearms
 + Level 7.6 Staves
 + Level 7.6 Ranged Weapons
 + Level 7.6 Throwing
 + Level 7.6 Armour
 + Level 9.0 Dodging
 + Level 7.6 Stealth
 + Level 7.6 Shields
 + Level 10.1 Unarmed Combat
 + Level 9.2 Spellcasting
 + Level 6.3 Conjurations
 + Level 6.3 Hexes
 + Level 6.3 Summonings
 + Level 6.3 Necromancy
 + Level 6.3 Translocations
 + Level 7.5 Transmutations
 + Level 6.3 Fire Magic
 + Level 6.3 Ice Magic
 + Level 6.3 Air Magic
 + Level 6.3 Earth Magic
 + Level 6.3 Poison Magic
 + Level 8.4 Invocations
 + Level 7.6 Evocations


You had 22 spell levels left.
You knew the following spells:

 Your Spells              Type           Power      Damage    Failure   Level
a - Beastly Appendage     Tmut           66%        N/A       1%          1
b - Wereblood             Tmut           33%        N/A       1%          2
c - Ice Form              Ice/Tmut       31%        N/A       5%          4

Your spell library contained the following spells:

 Spells                   Type           Power      Damage    Failure   Level
 Inner Flame              Hex/Fire       29%        N/A       1%          3
 Spider Form              Tmut/Pois      31%        N/A       1%          3
 Leda's Liquefaction      Hex/Erth       14%        N/A       7%          4
 Yara's Violent Unravell  Hex/Tmut       15%        3d8       16%         5
 Fireball                 Conj/Fire      14%        3d8       19%         5
 Iskenderun's Battlesphe  Conj           29%        2d8       19%         5
 Lee's Rapid Deconstruct  Erth           14%        3d9*      19%         5
 Summon Forest            Summ/Tloc      14%        N/A       19%         5
 Summon Mana Viper        Hex/Summ       29%        N/A       19%         5
 Statue Form              Tmut/Erth      20%        N/A       63%         6
 Conjure Ball Lightning   Conj/Air       14%        3x3d6     71%         6
 Summon Cactus Giant      Summ           14%        N/A       71%         6
 Enfeeble                 Hex            14%        N/A       99%         7
 Orb of Destruction       Conj           14%        9d7       99%         7


Dungeon Overview and Level Annotations

Branches:
Dungeon (11/15)            Temple (0/1) D:4            Lair (0/5) D:11
    Orc (1/2) D:9           Sewer (visited)

Altars:
Ashenzari
Cheibriados
Dithmenos
Elyvilon
Kikubaaqudgha
Makhleb
Nemelex Xobeh
Okawaru
Qazlal
Ru
Sif Muna
Trog
Wu Jian
The Shining One

Shops:
D:1 *   D:5 *   D:6 [   D:11 [   Orc:1 [

Annotations:
D:8 2 transporters
D:9 1 runed translucent door, Whoops's ghost, journeyman DjFi
D:11 Erolcha
Orc:1 1 transporter, Jisity's ghost, adept HuFi


Innate Abilities, Weirdness & Mutations

You are a creature of crystalline ice.
You have a powerful freezing melee attack.
You are amphibious.
Your maximum health is increased.
Your armour is entirely melded.
You are incapable of wielding weapons or throwing items.
((You have very sharp teeth.))
Your uncanny sense of smell can sniff out nearby items.
Your experience applies equally to all skills.


Message History

A large abomination comes into view.
The ufetubus barely misses you. The ufetubus misses you.
The starcursed mass attacks as you move away!
The starcursed mass barely misses you.
The ufetubus disappears in a puff of smoke!
The starcursed mass is engulfed in a thunderstorm.
You destroy the starcursed mass!
Qazlal accepts your kill. The large abomination hits you!
* * * LOW HITPOINT WARNING * * *
The worldbinder calls forth creatures from the Swamp!
Tentacles burst from the starspawn's body!
The ufetubus barely misses you.
The ufetubus hits you but does no damage. x3 2 starspawn tentacles come into view.
Blink to where?
Press: ? - help, Dir - move target
As you read the scroll of blinking, it crumbles to dust.
A chorus of shrieks assaults your mind.
* * * LOW HITPOINT WARNING * * *
Okay, then.
Activating: Elemental Force (1% risk of failure)
Press: ? - help, Dir - look around, f - activate
Okay, then.
Okay, then.
Okay, then.
It was a potion of flight.
You feel very buoyant.
You fly up into the air.
It was a potion of invisibility.
You fade into invisibility!
The starcursed mass is engulfed in blazing flames.
The starcursed mass shudders and withdraws towards its neighbour. x2
It was a potion of might.
You feel very mighty all of a sudden.
The worldbinder calls forth creatures from the Swamp!
The ufetubus misses you.
The ufetubus hits you but does no damage.
A chorus of shrieks assaults your mind.
You die...

#. ..## # .... ..
... ... #.. ...
..# .. #.##.#
#Y..# #.#.#
#5§.x# .....
.#5°X# ...x# #.
#...###..# # #.#
.#X#..w.# # w#
♣♣..#.#X..#│##X.#
#..X##X#.XX.#
#.......│.# #..#
.\#.##


You could see 3 starcursed masses, a tentacled starspawn (unable to see you), a
large abomination (unable to see you), a worldbinder (unable to see you) and 2
ufetubi.

Vanquished Creatures
  A two-headed ogre (Orc:1)
  2 oklob plants (D:11)
  An ugly thing (D:6)
  A komodo dragon (D:10)
  4 trolls
  A hornet (D:9)
  A shadow (D:10)
  2 wyverns
  A wraith (D:9)
  27 yaks
  Grum (D:8)
  2 steam dragons
  A large abomination (Abyss:1)
  Menkaure (D:7)
  4 water moccasins
  2 acid dragons
  15 orc warriors
  A black bear (D:6)
  3 ice beasts
  2 ogres
  3 wolves
  A small abomination (Abyss:1)
  6 centaurs
  3 phantoms
  3 kobold brigands
  4 bullfrogs
  A gnoll sergeant (D:10)
  3 scorpions
  7 wights (D:7)
  11 killer bees
  4 howler monkeys
  2 electric eels (D:9)
  A quasit (Abyss:1)
  4 hounds
  A jelly (D:7)
  A gnoll bouda (D:8)
  11 orc priests
  A starcursed mass (Abyss:1)
  19 orc wizards
  5 iguanas
  2 sleepcaps
  16 adders
  2 ufetubi (D:6)
  2 worms
  2 dart slugs
  74 orcs
  17 endoplasms
  8 giant cockroaches
  5 goblins
  6 hobgoblins
  9 jackals
  20 kobolds
  13 quokkas
  15 ball pythons
  5 bats
  11 frilled lizards
  5 rats
376 creatures vanquished.

Vanquished Creatures (collateral kills)
  An orc warlord (Orc:1)
  A green death (Abyss:1)
  A worldbinder (Abyss:1)
  A hornet (D:9)
  A shadow (D:6)
  A large abomination (Abyss:1)
  A basilisk (D:10)
  Edmund (D:5)
  An orc warrior (D:9)
  A black bear (D:6)
  A scorpion (D:5)
  A sleepcap (D:6)
  An iguana (D:6)
  2 orcs
15 creatures vanquished.

Vanquished Creatures (others)
  2 orcs (D:9)
  11 starspawn tentacles (Abyss:1)
13 creatures vanquished.

Grand Total: 404 creatures vanquished

Notes
Turn   | Place    | Note
-------+----------+-------------------------------------------
     0 | D:1      | croobank the Gnoll Transmuter began the quest for the Orb.
     0 | D:1      | Reached XP level 1. HP: 17/17 MP: 6/6
    36 | D:1      | Found a faded altar of an unknown god.
    89 | D:1      | Prayed at the altar of an unknown god.
    89 | D:1      | Became a worshipper of Qazlal Stormbringer
    89 | D:1      | Reached * piety under Qazlal
   156 | D:1      | Reached XP level 2. HP: 22/23 MP: 5/7
   168 | D:1      | Learned a level 2 spell: Wereblood
   244 | D:1      | Found Bohocic's Assorted Antiques.
   268 | D:1      | Bought a bubbling yellow potion for 16 gold pieces
   268 | D:1      | Bought a grey potion for 16 gold pieces
   524 | D:1      | Reached skill level 5 in Spellcasting
   524 | D:1      | Reached XP level 3. HP: 28/28 MP: 4/9
   823 | D:1      | Reached ** piety under Qazlal
   940 | D:2      | Reached skill level 1 in Invocations
  1277 | D:2      | Reached skill level 1 in Short Blades
  1277 | D:2      | Reached skill level 1 in Long Blades
  1277 | D:2      | Reached skill level 1 in Axes
  1277 | D:2      | Reached skill level 1 in Maces & Flails
  1277 | D:2      | Reached skill level 1 in Polearms
  1277 | D:2      | Reached skill level 1 in Staves
  1277 | D:2      | Reached skill level 1 in Ranged Weapons
  1277 | D:2      | Reached skill level 1 in Throwing
  1277 | D:2      | Reached skill level 1 in Armour
  1277 | D:2      | Reached skill level 1 in Stealth
  1277 | D:2      | Reached skill level 1 in Shields
  1277 | D:2      | Reached skill level 1 in Evocations
  1684 | D:2      | Reached XP level 4. HP: 34/34 MP: 7/11
  2273 | D:3      | Found an ornate altar of the Wu Jian Council.
  2472 | D:3      | Found a burning altar of Makhleb.
  2472 | D:3      | Noticed a cacodemon
  2475 | D:3      | Noticed a hellwing
  2475 | D:3      | Noticed a ynoxinul
  3014 | D:4      | Reached skill level 1 in Conjurations
  3014 | D:4      | Reached skill level 1 in Hexes
  3014 | D:4      | Reached skill level 1 in Summonings
  3014 | D:4      | Reached skill level 1 in Necromancy
  3014 | D:4      | Reached skill level 1 in Translocations
  3014 | D:4      | Reached skill level 1 in Fire Magic
  3014 | D:4      | Reached skill level 1 in Ice Magic
  3014 | D:4      | Reached skill level 1 in Air Magic
  3014 | D:4      | Reached skill level 1 in Earth Magic
  3014 | D:4      | Reached skill level 1 in Poison Magic
  3029 | D:4      | Found a white marble altar of Elyvilon.
  3037 | D:4      | Reached XP level 5. HP: 40/40 MP: 10/12
  3114 | D:4      | Found a shimmering blue altar of Sif Muna.
  3281 | D:4      | Found a sparkling altar of Nemelex Xobeh.
  3414 | D:4      | Noticed a phantom
  3425 | D:4      | Killed a phantom
  3426 | D:4      | Reached XP level 6. HP: 45/47 MP: 10/13
  3611 | D:4      | Found a glowing drain.
  3637 | Sewer    | Entered a sewer
  3646 | Sewer    | Reached *** piety under Qazlal
  3679 | Sewer    | Reached skill level 5 in Dodging
  3857 | Sewer    | Reached **** piety under Qazlal
  3927 | D:4      | Reached skill level 7 in Unarmed Combat
  3927 | D:4      | Reached XP level 7. HP: 52/52 MP: 12/15
  4180 | D:4      | Found a staircase to the Ecumenical Temple.
  4284 | D:5      | Entered Level 5 of the Dungeon
  4420 | D:5      | Found an iron altar of Okawaru.
  4476 | D:5      | Noticed Edmund
  4489 | D:5      | Killed Edmund
  4825 | D:5      | Found Yddyorch's General Store.
  4856 | D:5      | Reached XP level 8. HP: 57/60 MP: 13/16
  5428 | D:6      | Found Punal's Antique Armour Boutique.
  5470 | D:6      | Bought an embroidered cloak for 150 gold pieces
  5566 | D:6      | Identified a scroll of acquirement
  5566 | D:6      | Acquired an amulet of regeneration
  5742 | D:6      | Found a shadowy altar of Dithmenos.
  5819 | D:6      | Found a stormy altar of Qazlal.
  5820 | D:6      | Found a bloodstained altar of Trog.
  6001 | D:6      | Reached skill level 5 in Transmutations
  6044 | D:6      | Reached XP level 9. HP: 66/66 MP: 15/18
  6078 | D:6      | Noticed a brown ugly thing
  6095 | D:6      | Reached skill level 5 in Fighting
  6129 | D:6      | Killed a brown ugly thing
  6130 | D:6      | Reached skill level 8 in Unarmed Combat
  6181 | D:6      | Reached skill level 5 in Invocations
  6694 | D:1      | Bought a scroll of identify for 36 gold pieces
  6694 | D:1      | Bought a scroll of identify for 36 gold pieces
  6694 | D:1      | Bought a peridot ring for 90 gold pieces
  6891 | D:7      | Noticed Menkaure
  6901 | D:7      | Killed Menkaure
  7060 | D:7      | Reached skill level 5 in Short Blades
  7060 | D:7      | Reached skill level 5 in Long Blades
  7060 | D:7      | Reached skill level 5 in Axes
  7060 | D:7      | Reached skill level 5 in Maces & Flails
  7060 | D:7      | Reached skill level 5 in Polearms
  7060 | D:7      | Reached skill level 5 in Staves
  7060 | D:7      | Reached skill level 5 in Ranged Weapons
  7060 | D:7      | Reached skill level 5 in Throwing
  7060 | D:7      | Reached skill level 5 in Armour
  7060 | D:7      | Reached skill level 5 in Stealth
  7060 | D:7      | Reached skill level 5 in Shields
  7060 | D:7      | Reached skill level 5 in Evocations
  7060 | D:7      | Reached XP level 10. HP: 55/76 MP: 20/20
  8056 | D:8      | Noticed Grum
  8155 | D:8      | Killed Grum
  8185 | D:8      | Found a sacrificial altar of Ru.
  8487 | D:8      | Found a transporter.
  8493 | D:8      | Noticed a boulder beetle
  8494 | D:8      | Found a transporter.
  8694 | D:8      | Reached ***** piety under Qazlal
  8695 | D:8      | Found an ancient bone altar of Kikubaaqudgha.
  9127 | D:9      | Reached skill level 9 in Unarmed Combat
  9228 | D:9      | Reached skill level 5 in Conjurations
  9228 | D:9      | Reached skill level 5 in Hexes
  9228 | D:9      | Reached skill level 5 in Summonings
  9228 | D:9      | Reached skill level 5 in Necromancy
  9228 | D:9      | Reached skill level 5 in Translocations
  9228 | D:9      | Reached skill level 5 in Fire Magic
  9228 | D:9      | Reached skill level 5 in Ice Magic
  9228 | D:9      | Reached skill level 5 in Air Magic
  9228 | D:9      | Reached skill level 5 in Earth Magic
  9228 | D:9      | Reached skill level 5 in Poison Magic
  9296 | D:9      | Reached XP level 11. HP: 79/83 MP: 19/22
  9361 | D:9      | Learned a level 4 spell: Ice Form
  9415 | D:9      | Found a staircase to the Orcish Mines.
  9438 | Orc:1    | Entered Level 1 of the Orcish Mines
  9821 | Orc:1    | Found Qyost's Armour Boutique.
  9835 | Orc:1    | Bought a +2 pair of gloves of dexterity for 279 gold pieces
  9974 | Orc:1    | Noticed a two-headed ogre
  9974 | Orc:1    | Noticed a two-headed ogre
  9974 | Orc:1    | Noticed Jisity's ghost (adept HuFi)
  9975 | Orc:1    | Noticed a two-headed ogre
  9976 | Orc:1    | Found a transporter.
  9976 | Orc:1    | Identified the +6 great mace of Aracvos {protect, rN+ Str+4
                  | Dex+3 Stlth-}
  9976 | Orc:1    | Noticed an ettin
  9976 | Orc:1    | Noticed a two-headed ogre
 10122 | Orc:1    | Noticed a two-headed ogre
 10130 | Orc:1    | Noticed an orc warlord
 10131 | Orc:1    | Killed a two-headed ogre
 10143 | Orc:1    | Killed an orc warlord
 10676 | D:9      | Found a runed translucent door.
 10677 | D:9      | Noticed Whoops's ghost (journeyman DjFi)
 10734 | D:10     | Entered Level 10 of the Dungeon
 10825 | D:10     | Found a snail-covered altar of Cheibriados.
 10825 | D:10     | Found a glowing golden altar of the Shining One.
 10847 | D:10     | Found a broken altar of Ashenzari.
 10849 | D:10     | Found a faded altar of an unknown god.
 10851 | D:10     | Found a faded altar of an unknown god.
 11088 | D:10     | Reached XP level 12. HP: 91/91 MP: 15/24
 11710 | D:11     | Found a staircase to the Lair.
 11751 | D:11     | Reached skill level 10 in Unarmed Combat
 11908 | D:11     | Found Enomiuhu's Armour Shop.
 11926 | D:11     | Noticed Erolcha
 11927 | Abyss:1  | Cast into level 1 of the Abyss (Erolcha)
 11966 | Abyss:1  | Noticed a green death
 11977 | Abyss:1  | Killed a green death
 12005 | Abyss:1  | Noticed a tentacled starspawn
 12006 | Abyss:1  | Noticed a lich
 12025 | Abyss:1  | Noticed a starcursed mass
 12029 | Abyss:1  | Noticed a tentacled starspawn
 12042 | Abyss:1  | Killed from afar by a starcursed mass

Illustrated notes

Levels and vault maps discovered:
D:1:      matt_arrival_los_fun, layout_basic,
          hellmonk_ecumenical_altar_lost_god, serial_shops,
          nicolae_shop_waterfront
D:2:      layout_basic
D:3:      layout_basic, makhleb_altar_promises_db, lemuel_round_altar,
          minmay_misc_feat_pillars, grunt_decor_arrowhead
D:4:      layout_loops_corners, lemuel_round_altar,
          nicolae_overflow_hidden_temple, nicolae_overflow_crystal_walls,
          minmay_temple_entry_antechambers, gup_sewer_entry_glass
D:5:      layout_cave_pods, okawaru_ov_weapons_minmay, serial_shops,
          nicolae_take_the_stairs, uniq_edmund
D:6:      layout_basic, gammafunk_temple_overflow_forgotten, serial_shops, shop,
          minmay_divided_ellipse
D:7:      layout_loops_corners, uniq_menkaure
D:8:      layout_basic, nicolae_ru_awakened_eye, lemuel_round_altar,
          hangedman_decor_push, st_stairs_6, corexii_mini_fake_secret_closet,
          nicolae_diode_stairs, uniq_grum
D:9:      layout_roguey, erik_orc_2, ebering_ghost_reflecting_pool
D:10:     kennysheep_blocky_hall, layout_cave_pools,
          chequers_temple_overflow_minitemple, st_stairs_12
D:11:     layout_basic, dpeg_oklobed_lair, serial_shops, shop, shop,
          uniq_erolcha
Orc:1:    layout_caves, serial_shops, nicolae_shop_stone, gammafunk_ghost_smash,
          minmay_orc_barracks
Abyss:1:  base:
Temple

Skill      XL: |  1  2  3  4  5  6  7  8  9 10 11 12 |
---------------+-------------------------------------+-----
Spellcasting   | 5 6 7 8 9 |  9.2
Invocations    | 1 2 3 4 5 6 7 8 |  8.4
Short Blades   | 1 2 3 5 6 7 |  7.6
Long Blades    | 1 2 3 5 6 7 |  7.6
Axes           | 1 2 3 5 6 7 |  7.6
Maces & Flails | 1 2 3 5 6 7 |  7.6
Polearms       | 1 2 3 5 6 7 |  7.6
Staves         | 1 2 3 5 6 7 |  7.6
Ranged Weapons | 1 2 3 5 6 7 |  7.6
Throwing       | 1 2 3 5 6 7 |  7.6
Armour         | 1 2 3 5 6 7 |  7.6
Stealth        | 1 2 3 5 6 7 |  7.6
Shields        | 1 2 3 5 6 7 |  7.6
Evocations     | 1 2 3 5 6 7 |  7.6
Conjurations   | 1 2 3 4 5 6 |  6.3
Hexes          | 1 2 3 4 5 6 |  6.3
Summonings     | 1 2 3 4 5 6 |  6.3
Necromancy     | 1 2 3 4 5 6 |  6.3
Translocations | 1 2 3 4 5 6 |  6.3
Fire Magic     | 1 2 3 4 5 6 |  6.3
Ice Magic      | 1 2 3 4 5 6 |  6.3
Air Magic      | 1 2 3 4 5 6 |  6.3
Earth Magic    | 1 2 3 4 5 6 |  6.3
Poison Magic   | 1 2 3 4 5 6 |  6.3
Fighting       | 3 4 5 6 7 8 |  8.1
Transmutations | 4 5 6 7 |  7.5
Dodging        | 5 6 7 8 9 |  9.0
Unarmed Combat | 7 8 9 10 | 10.1

Action                     |  1- 3 |  4- 6 |  7- 9 | 10-12 || total
---------------------------+-------+-------+-------+-------++-------
  Melee: Unarmed           |     4 |       |       |   328 ||   332
         Short sword       |    17 |       |       |       ||    17
         Kick              |    23 |    39 |    79 |    62 ||   203
         Headbutt          |    11 |    21 |    51 |    36 ||   119
         Dagger            |    61 |   185 |   235 |   193 ||   674
         Bite              |    10 |    17 |    25 |    28 ||    80
         Punch             |     3 |     9 |    14 |    15 ||    41
         War axe           |       |       |       |    50 ||    50
  Throw: Boomerang         |     7 |     1 |    12 |    20 ||    40
         Dart              |       |       |       |     1 ||     1
   Cast: Beastly Appendage |    25 |    23 |    27 |    23 ||    98
         Wereblood         |    19 |    23 |    23 |    48 ||   113
         Ice Form          |       |       |       |    29 ||    29
 Invoke: Elemental Force   |       |       |     1 |     5 ||     6
         Upheaval          |       |       |     1 |     1 ||     2
         Disaster Area     |       |       |       |     1 ||     1
  Evoke: Wand              |       |       |     1 |     3 ||     4
    Use: Scroll            |       |     8 |    10 |     7 ||    25
         Potion            |       |       |       |     4 ||     4
   Stab: Paralysed         |       |       |       |     2 ||     2
 Armour: Robe              |     7 |    34 |     9 |       ||    50
         Steam dragon scal |       |       |    22 |    54 ||    76
         Leather armour    |       |       |     2 |       ||     2
         Skin              |       |       |       |    78 ||    78
  Dodge: Dodged            |    42 |    75 |    95 |   282 ||   494
         Repelled          |       |       |     1 |     1 ||     2
  Block: Other             |     8 |    19 |    30 |   124 ||   181
